 Dungeon Crawl Stone Soup version 0.30-a0-860-g512cf1e979 (webtiles) character file.

Game seed: 3910098215442273942

91884 112233 the Thaumaturge (level 16, -16/154 HPs)
             Began as a Naga Earth Elementalist on Mar 8, 2023.
             Was a High Priest of Vehumet.
             Demolished by Frances
             ... wielding a +5 vampiric long sword
              (20 damage)
             ... on level 13 of the Dungeon.
             The game lasted 00:50:11 (37245 turns).

112233 the Thaumaturge (Naga Earth Elementalist)   Turns: 37245, Time: 00:50:13

Health: -16/154    AC: 14    Str:  9      XL:     16   Next: 4%
Magic:  14/51      EV: 20    Int: 20 (24) God:    Vehumet [*****.]
Gold:   682        SH:  0    Dex:  8      Spells: 6/41 levels left

rFire   . . .      SeeInvis +    b - +10 zealot's sword {holy, Zealotry, *Rage rN+ EV+3}
rCold   + . .      Faith    .    (no shield)
rNeg    + + +      Spirit   .    S - +2 robe "Ymmi" {+Blink MP+9 Str-2}
rPois   +          Reflect  .    s - +0 helmet
rElec   .          Rampage  .    J - +0 cloak of Twilight {rN++ Int+3 Dex-2}
rCorr   .          Rage     20%  A - +0 pair of gloves
Will    ++...                    (no barding)
Stlth   ++                       (no amulet)
HPRegen 0.45/turn                F - ring of magical power
MPRegen 0.32/turn                U - +5 ring of evasion

@: on berserk cooldown, slowed, very slow
A: AC +5, large, see invisible, deformed body, poison resistance, slowness 2,
spit poison 1, naga tail 2, claws 1, iridescent scales 1, clumsy 1, cold
resistance 1, shaggy fur 1, weak 1
a: Spit Poison, Renounce Religion, Evoke Blink


You were on level 13 of the Dungeon.
You worshipped Vehumet.
Vehumet was extremely pleased with you.
You visited 3 branches of the dungeon, and saw 21 of its levels.
You also visited: Bailey and Ice Cave.

You collected 3387 gold pieces.
You spent 2705 gold pieces at shops.

Inventory:

Hand Weapons
 b - the +10 zealot's sword (weapon) {holy, Zealotry, *Rage rN+ EV+3}
   (You found it on level 5 of the Dungeon)

   Zealotry:  Whenever the wielder enters a berserk rage, their allies are
   berserked alongside them.
   EV:        It affects your evasion (+3).
   rN:        It protects you from negative energy.
   *Rage:     It berserks you when you make melee attacks (+20% chance).
Armour
 a - +0 ice dragon scales
 s - a +0 helmet (worn)
 A - a +0 pair of gloves (worn)
 C - a +0 troll leather armour
 J - the +0 cloak of Twilight (worn) {rN++ Int+3 Dex-2}
   (You found it in a bailey)

   Int:       It affects your intelligence (+3).
   Dex:       It affects your dexterity (-2).
   rN:        It greatly protects you from negative energy.
 P - a +2 robe of resistance
 S - the +2 robe "Ymmi" (worn) {+Blink MP+9 Str-2}
   (You found it on level 2 of the Lair of Beasts)

   Str:       It affects your strength (-2).
   MP:        It affects your magic capacity (+9).
   +Blink:    It lets you blink.
Magical Staves
 X - a staff of conjuration
Jewellery
 F - a ring of magical power (left hand)
 I - a ring of flight
 K - a ring of ice
 N - a ring of resist corrosion
 O - a ring of magical power
 Q - a ring of protection from fire
 R - a +6 ring of strength
 U - a +5 ring of evasion (right hand)
Wands
 q - a wand of flame (43)
 z - a wand of iceblast (11)
 E - a wand of polymorph (12)
 L - a wand of mindburst (6)
 V - a wand of paralysis (5)
 W - a wand of light (7)
Scrolls
 c - 6 scrolls of enchant armour
 g - 2 scrolls of fear
 h - 3 scrolls of magic mapping
 i - 2 scrolls of fog
 j - 5 scrolls of noise
 m - 5 scrolls of poison
 n - 4 scrolls of enchant weapon
 r - a scroll of teleportation
 t - 2 scrolls of torment
 x - 4 scrolls of vulnerability
 y - 12 scrolls of identify
 B - 3 scrolls of amnesia
 T - 2 scrolls of immolation
Potions
 d - 7 potions of mutation
 e - 13 potions of curing
 f - 6 potions of haste
 k - 2 potions of berserk rage
 l - 2 potions of resistance {unknown}
 o - 4 potions of ambrosia
 p - 8 potions of flight
 u - 4 potions of might
 v - 3 potions of degeneration
 w - 3 potions of attraction
 D - a potion of magic
 H - 3 potions of heal wounds
 M - 4 potions of lignification
Miscellaneous
 G - a lightning rod (4/4)
 Z - a phantom mirror


   Skills:
 + Level 12.6 Fighting
 + Level 10.9 Dodging
 - Level 3.0 Stealth
 + Level 13.1 Spellcasting
 + Level 12.7 Conjurations
 - Level 6.6 Summonings
 - Level 1.0 Transmutations
 + Level 10.6 Earth Magic


You had 6 spell levels left.
You knew the following spells:

 Your Spells              Type           Power      Damage    Failure   Level
a - Iron Shot             Conj/Erth      28%        9d6       1%          6
b - Stone Arrow           Conj/Erth      100%       3d13      1%          3
c - Borgnjor's Vile Clut  Necr/Erth      17%        N/A       16%         5
d - Apportation           Tloc           26%        N/A       4%          1
e - Passwall              Tmut/Erth      30%        N/A       1%          2
f - Summon Mana Viper     Hex/Summ       26%        N/A       34%         5
g - Orb of Destruction    Conj           29%        9d9       6%          7
h - Statue Form           Tmut/Erth      24%        N/A       56%         6

Your spell library contained the following spells:

 Spells                   Type           Power      Damage    Failure   Level
 Foxfire                  Conj/Fire      100%       2x1d9     1%          1
 Freeze                   Ice            52%        1d6       1%          1
 Magic Dart               Conj           100%       1d8       1%          1
 Sandblast                Erth           100%       2d20      1%          1
 Hailstorm                Conj/Ice       38%        3d9       1%          3
 Mephitic Cloud           Conj/Pois/Air  30%        N/A       1%          3
 Animate Armour           Summ/Erth      94%        N/A       1%          4
 Flame Wave               Conj/Fire      38%        2d10      1%          4
 Iskenderun's Mystic Bla  Conj/Tloc      38%        2d9       1%          4
 Iskenderun's Battlesphe  Conj           59%        2d11      1%          5
 Lee's Rapid Deconstruct  Erth           26%        3d14*     1%          5
 Poisonous Vapours        Pois/Air       26%        N/A       2%          2
 Scorch                   Fire           26%        2d6       2%          2
 Irradiate                Conj/Tmut      20%        3d18      2%          5
 Summon Guardian Golem    Hex/Summ       26%        N/A       3%          3
 Fireball                 Conj/Fire      19%        3d9       3%          5
 Petrify                  Tmut/Erth      36%        N/A       4%          4
 Freezing Cloud           Conj/Ice/Air   15%        6-21      7%          5
 Cigotuvi's Dreadful Rot  Necr/Pois/Air  26%        N/A       8%          2
 Ensorcelled Hibernation  Hex/Ice        26%        N/A       8%          2
 Sublimation of Blood     Necr           13%        N/A       8%          2
 Summon Ice Beast         Ice/Summ       26%        N/A       13%         4
 Summon Lightning Spire   Summ/Air       26%        N/A       13%         4
 Ozocubu's Armour         Ice            13%        N/A       16%         3
 Portal Projectile        Hex/Tloc       26%        N/A       16%         3
 Tukima's Dance           Hex            13%        N/A       16%         3
 Vampiric Draining        Necr           13%        2d6       16%         3
 Conjure Ball Lightning   Conj/Air       19%        3x3d6     16%         6
 Yara's Violent Unravell  Hex/Tmut       7%         3d5       28%         5
 Anguish                  Hex/Necr       6%         N/A       45%         4
 Dispel Undead            Necr           13%        3d9       45%         4
 Manifold Assault         Tloc           13%        N/A       45%         4
 Passage of Golubria      Tloc           13%        N/A       45%         4
 Summon Cactus Giant      Summ           19%        N/A       45%         6
 Blade Hands              Tmut           8%         N/A       67%         5
 Alistair's Intoxication  Tmut/Pois      10%        N/A       75%         5
 Metabolic Englaciation   Hex/Ice        6%         N/A       80%         5
 Death Channel            Necr           6%         N/A       100%        6
 Dispersal                Tloc           6%         N/A       100%        6
 Spellforged Servitor     Conj/Summ      25%        N/A       21%         7
 Lehudib's Crystal Spear  Conj/Erth      28%        10d7      54%         8
 Monstrous Menagerie      Summ           19%        N/A       96%         7
 Summon Hydra             Summ           19%        N/A       96%         7
 Enfeeble                 Hex            6%         N/A       100%        7
 Disjunction              Tloc           6%         N/A       100%        8
 Ignition                 Fire           6%         3d4       100%        8
 Maxwell's Capacitive Co  Air            6%         ∞         100%        8
 Dragon's Call            Summ           19%        N/A       100%        9


Dungeon Overview and Level Annotations

Branches:
Dungeon (14/15)            Temple (0/1) D:6            Lair (5/5) D:8
  Swamp (0/4) Lair:2        Snake (0/4) Lair:2        Slime (0/5) Lair:4
    Orc (2/2) D:11            Elf (0/3) Orc:2        Bailey (visited)
  IceCv (visited)
 Vaults: D:13-14

Altars:
Ashenzari
Cheibriados
Fedhas
Makhleb
Okawaru
Qazlal
Trog
Vehumet
Wu Jian
Jiyva

Shops:
D:5 :   D:6 ?*=(*   Orc:1 !   Orc:2 !(*(

Annotations:
D:1 exclusion: downstairs
D:5 2 transporters, svtm's ghost, amateur MiBe
D:6 1 runed translucent door, Crazy Yiuf
D:9 exclusions: oklob plant and orange crystal statue
D:13 Frances
D:14 exclusion: 2 upstairs
Lair:3 exclusion: downstairs
Orc:1 2 transporters, Feriw's ghost, journeyman HOMo


Innate Abilities, Weirdness & Mutations

Your serpentine skin is tough. (AC +5)
You have supernaturally acute eyesight. (SInv)
Armour fits poorly on your strangely shaped body.
Your system is resistant to poisons. (rPois)
You cover ground very slowly.
You can spit poison.
You can use your snake-like lower body to constrict enemies.
You have sharp fingernails.
You are partially covered in iridescent scales. (AC +2)
You are clumsy. (Dex -2)
Your flesh is cold resistant. (rC+)
You are covered in fur. (AC +1)
You are weak. (Str -2)


Message History

You finish merging with the rock.
Unknown command.
Unknown command.
You start resting.
A skeletal warrior is nearby!
A skeletal warrior is nearby!
A skeletal warrior is nearby!
Casting: Passwall (safe; 1% risk of failure)
Confirm with . or Enter, or press ? or * to list all spells.
Aiming: Iron Shot (mildly dangerous; 1% risk of failure)
Press: ? - help, Shift-Dir - straight line, f - skeletal warrior
Aim: a skeletal warrior, wielding a +0 trident (lightly damaged, 71% to hit)
The iron shot misses the skeletal warrior.
You hear a shout!
The skeletal warrior hits you from afar with a +0 trident!!
* * * LOW HITPOINT WARNING * * *
Blink to where?
Press: ? - help, Dir - move target, p - skeletal warrior
As you read the scroll of blinking, it crumbles to dust.
Unknown command.
As you read the scroll of teleportation, it crumbles to dust.
You feel strangely unstable.
Unknown command.
Your surroundings suddenly seem different.
Frances shouts!
Frances chants phrases taken from a devil's mouth.
Frances seems to speed up.
Unknown command.
You feel much better. Frances barely misses you. Frances completely misses you.
Frances hits you with a +5 vampiric long sword!
* * * LOW HITPOINT WARNING * * *
Unknown command.
As you read the scroll of fear, it crumbles to dust.
You assume a fearsome visage.
The skeletal warrior is unaffected.
Frances resists with almost no effort.
Frances hits you with a +5 vampiric long sword!!
* * * LOW HITPOINT WARNING * * *
Frances says, "I value strength and power.
I see none of this in you."
Frances hits you with a +5 vampiric long sword!!
You die...

###.......
#........
#.#!.... #
...8..#
##'#.....#
##........#
..C
.'........#
...
#.....@..#
J. ..
#.....@..##
. ..
#.......>.#
.#
#>........#
.#
#.....8z..#
##.#
##.##.....##
##†.#
#.........##
#..##
###........#
##(######
#.......#


You could see Frances (fast) and a skeletal warrior.

Vanquished Creatures
  A reaper (IceCv)
  A deep elf demonologist (D:14)
  Nessos (D:12)
  Azrael (Orc:2)
  Snorg (Orc:2)
  5 hydras
  4 ogre magi (Orc:2)
  2 catoblepae
  5 boulder beetles
  16 two-headed ogres
  Erica (D:11)
  3 centaur warriors
  8 death yaks
  2 skysharks
  Lodul (D:11)
  2 skeletal warriors (D:13)
  2 orc knights
  A deep elf archer (D:14)
  A lindwurm (Lair:3)
  2 deep elf pyromancers (D:14)
  2 deep elf zephyrmancers (D:14)
  3 orc sorcerers
  4 cyclopes
  5 elephants (Lair:3)
  3 black mambas
  A guardian serpent (Lair:5)
  2 ice statues (IceCv)
  2 gargoyles
  9 cane toads
  3 torpor snails
  3 rime drakes
  8 komodo dragons
  A freezing wraith (IceCv)
  7 ice devils (IceCv)
  7 trolls
  3 meliai (D:14)
  Prince Ribbit (D:6)
  3 polar bears
  8 hornets
  8 blink frogs
  5 dream sheep (Lair:5)
  7 slime creatures
  2 centaur simulacra (D:13)
  2 shadows
  11 spriggans (Lair:5)
  3 wyverns
  4 wraiths
  48 yaks
  4 vampires
  A dire elephant simulacrum (IceCv)
  4 fire elementals
  9 basilisks
  A steam dragon (D:8)
  Menkaure (D:5)
  A death yak simulacrum (IceCv)
  10 vampire mosquitoes
  A harpy simulacrum (IceCv)
  Edmund (D:5)
  3 wargs
  2 acid dragons
  Duvessa (D:6)
  15 water moccasins
  4 hell hounds (Orc:2)
  17 orc warriors
  Pargi (D:4)
  27 ogres
  6 black bears
  26 wolves
  4 boggarts (Lair:5)
  12 centaurs
  A phantom (D:5)
  2 kobold brigands (D:9)
  Blork the orc (D:6)
  12 bullfrogs
  A cane toad simulacrum (IceCv)
  A gnoll sergeant (D:7)
  3 two-headed ogre simulacra (IceCv)
  2 scorpions
  5 wights (D:6)
  Dowan (D:6)
  2 elephant simulacra (IceCv)
  16 killer bees
  A howler monkey (D:12)
  2 electric eels
  A lava snake (D:14)
  4 jellies
  8 orc priests
  7 hounds
  3 iguanas (D:5)
  2 sleepcaps
  21 orc wizards
  2 troll simulacra (IceCv)
  5 hell rats (Lair:1)
  3 spriggan simulacra (IceCv)
  A polar bear simulacrum (IceCv)
  A wolf simulacrum (IceCv)
  9 adders
  16 gnolls
  A naga simulacrum (IceCv)
  8 white imps
  2 ufetubi
  4 worms
  2 dart slugs (D:1)
  67 orcs
  7 ball pythons
  7 endoplasms
  2 giant cockroaches
  9 hobgoblins
  7 jackals
  5 quokkas
  11 bats
  4 frilled lizards
  13 goblins
  28 kobolds
  5 rats
691 creatures vanquished.

Vanquished Creatures (collateral kills)
  4 death yaks (Lair:3)
  Urug (Lair:4)
  4 elephants (Lair:3)
  A white imp (IceCv)
10 creatures vanquished.

Vanquished Creatures (others)
  A centaur (D:13)
  5 bushes (Lair:2)
  24 fungi
  89 plants
119 creatures vanquished.

Grand Total: 820 creatures vanquished

Notes
Turn   | Place    | Note
-------+----------+-------------------------------------------
     0 | D:1      | 112233 the Naga Earth Elementalist began the quest for the
                  | Orb.
     0 | D:1      | Reached XP level 1. HP: 15/15 MP: 3/3
   274 | D:1      | Reached XP level 2. HP: 22/22 MP: 1/5
   548 | D:1      | Reached skill level 3 in Spellcasting
   684 | D:1      | Found a faded altar of an unknown god.
   733 | D:1      | Reached XP level 3. HP: 28/28 MP: 4/7
  1397 | D:2      | Reached skill level 4 in Spellcasting
  1397 | D:2      | Reached XP level 4. HP: 19/36 MP: 6/10
  1419 | D:1      | Learned a level 2 spell: Passwall
  1965 | D:2      | Reached XP level 5. HP: 42/42 MP: 6/11
  2626 | D:3      | Reached skill level 5 in Spellcasting
  2888 | D:3      | Gained mutation: You are partially covered in iridescent
                  | scales. (AC +2) [potion of mutation]
  2888 | D:3      | Gained mutation: You are clumsy. (Dex -2) [potion of
                  | mutation]
  2888 | D:3      | Gained mutation: You have hidden genetic potential. [potion
                  | of mutation]
  2888 | D:3      | Gained mutation: You are covered in fur. (AC +1) [potion of
                  | mutation]
  3177 | D:3      | Got the Folio of Electric Obstruction
  3603 | D:3      | Reached XP level 6. HP: 49/49 MP: 10/14
  3607 | D:3      | Learned a level 3 spell: Stone Arrow
  3896 | D:3      | Found a radiant altar of Vehumet.
  4091 | D:3      | Became a worshipper of Vehumet
  4331 | D:4      | Reached skill level 6 in Spellcasting
  4345 | D:4      | Gained mutation: You have sharp fingernails. [hidden
                  | potential]
  4497 | D:4      | Reached skill level 1 in Fighting
  4497 | D:4      | Reached skill level 1 in Conjurations
  4542 | D:4      | Found an ornate altar of the Wu Jian Council.
  4592 | D:4      | Reached XP level 7. HP: 30/57 MP: 7/16
  4981 | D:4      | Noticed Pargi
  5009 | D:5      | Entered Level 5 of the Dungeon
  5070 | D:5      | Noticed Edmund
  5210 | D:4      | Reached * piety under Vehumet
  5210 | D:4      | Offered knowledge of Freeze by Vehumet.
  5212 | D:4      | Gained mutation: Your flesh is cold resistant. (rC+)
                  | [hidden potential]
  5212 | D:4      | Lost mutation: You have hidden genetic potential. [hidden
                  | potential expressed]
  5482 | D:4      | Killed Pargi
  5801 | D:5      | Found a transporter.
  5913 | D:5      | Found a transporter.
  5930 | D:5      | Reached XP level 8. HP: 68/68 MP: 7/17
  5993 | D:5      | Noticed svtm's ghost (amateur MiBe)
  6142 | D:5      | Noticed Menkaure
  6147 | D:5      | Killed Menkaure
  6270 | D:5      | Found Nixaics's Tremendous Tomes.
  6669 | D:5      | Killed Edmund
  7021 | D:5      | Noticed a wraith
  7178 | D:5      | Reached skill level 7 in Spellcasting
  7194 | D:5      | Reached skill level 5 in Earth Magic
  7212 | D:5      | Reached XP level 9. HP: 46/78 MP: 8/19
  7403 | D:5      | Found the +10 zealot's sword {holy, Zealotry, *Rage rN+
                  | EV+3}
  7815 | D:6      | Found Dyijef's Jewellery Shop.
  7845 | D:6      | Found Cipethroo's Assorted Antiques.
  7906 | D:6      | Bought a scroll labelled PIEQOUL ACEOSUCSOE for 30 gold
                  | pieces
  7906 | D:6      | Bought a sedimented brown potion for 27 gold pieces
  7906 | D:6      | Bought a scroll of identify for 60 gold pieces
  7906 | D:6      | Bought a scroll of fear for 120 gold pieces
  7922 | D:6      | Noticed Blork the orc
  7925 | D:6      | Killed Blork the orc
  7985 | D:6      | Found a staircase to the Ecumenical Temple.
  8020 | D:6      | Noticed Prince Ribbit
  8027 | D:6      | Killed Prince Ribbit
  8325 | D:6      | Reached ** piety under Vehumet
  8511 | D:6      | Found Zuugiale's Antique Weapon Shoppe.
  8536 | D:6      | Found a runed translucent door.
  8537 | D:6      | Noticed Crazy Yiuf
  8681 | D:6      | Found Relulump's Magic Scroll Shoppe.
  8686 | D:6      | Bought 2 scrolls of identify for 48 gold pieces
  8759 | D:6      | Found Wesowaoh's General Store.
  8768 | D:6      | Reached skill level 5 in Fighting
  8768 | D:6      | Reached skill level 5 in Conjurations
  8808 | D:6      | Offered knowledge of Foxfire by Vehumet.
  8856 | D:6      | Bought a scroll of identify for 28 gold pieces
  9016 | D:6      | Noticed Dowan
  9018 | D:6      | Noticed Duvessa
  9022 | D:6      | Killed Duvessa
  9028 | D:6      | Killed Dowan
  9475 | D:7      | Found a burning altar of Makhleb.
  9833 | D:7      | Found a broken altar of Ashenzari.
  9833 | D:7      | Found a snail-covered altar of Cheibriados.
  9834 | D:7      | Found a stormy altar of Qazlal.
 10295 | D:8      | Reached XP level 10. HP: 88/88 MP: 5/21
 10420 | D:8      | Reached skill level 8 in Spellcasting
 10421 | D:8      | Reached skill level 5 in Dodging
 10890 | D:8      | Found a staircase to the Lair.
 10899 | D:8      | Offered knowledge of Poisonous Vapours by Vehumet.
 11243 | D:8      | Found a bloodstained altar of Trog.
 11380 | D:8      | Learned a level 1 spell: Apportation
 11459 | D:9      | Reached *** piety under Vehumet
 11729 | D:9      | Learned a level 5 spell: Iskenderun's Battlesphere
 11829 | D:9      | Found a flagged portal.
 11843 | Bailey   | Entered a bailey
 11937 | Bailey   | Noticed an orc knight
 11948 | Bailey   | Offered knowledge of Fulminant Prism by Vehumet.
 12274 | Bailey   | Killed an orc knight
 12798 | Bailey   | Identified the +0 cloak of Twilight {rN++ Int+3 Dex-2}
 13129 | D:9      | Reached skill level 9 in Spellcasting
 13129 | D:9      | Reached XP level 11. HP: 90/100 MP: 17/24
 13389 | D:9      | Found a blossoming altar of Fedhas.
 13400 | D:9      | Noticed an oklob plant
 13544 | D:9      | Noticed an orange crystal statue
 13559 | D:9      | Learned a level 5 spell: Summon Mana Viper
 13648 | D:10     | Entered Level 10 of the Dungeon
 13682 | D:10     | You fall into a shaft and drop 1 floor!
 13881 | D:10     | Noticed a two-headed ogre
 13888 | D:10     | Killed a two-headed ogre
 13888 | D:10     | Reached **** piety under Vehumet
 13889 | D:10     | Reached skill level 1 in Summonings
 14262 | D:11     | Noticed Erica
 14268 | D:11     | Killed Erica
 14643 | D:11     | Offered knowledge of Lightning Bolt by Vehumet.
 14713 | D:11     | Noticed a two-headed ogre
 14720 | D:11     | Killed a two-headed ogre
 14775 | D:11     | Noticed Lodul
 14778 | D:11     | Killed Lodul
 14893 | D:11     | Found a staircase to the Orcish Mines.
 14909 | D:11     | Noticed a centaur warrior
 14917 | D:11     | Killed a centaur warrior
 15573 | D:12     | Noticed a cyclops
 15577 | D:12     | Killed a cyclops
 15791 | D:12     | Reached XP level 12. HP: 109/112 MP: 19/25
 15993 | D:12     | Learned a level 7 spell: Orb of Destruction
 16333 | D:12     | Reached skill level 10 in Spellcasting
 16435 | D:12     | Noticed a two-headed ogre
 16440 | D:12     | Killed a two-headed ogre
 16553 | D:12     | Noticed Nessos
 16561 | D:12     | Killed Nessos
 16852 | D:13     | Noticed an eight-headed hydra
 16876 | D:13     | Noticed a centaur warrior
 16883 | D:13     | Killed a centaur warrior
 17043 | D:13     | Killed an eight-headed hydra
 17044 | D:13     | Reached skill level 5 in Summonings
 17212 | D:13     | Noticed a vault guard
 17212 | D:13     | Noticed a vault guard
 17303 | Orc:1    | Entered Level 1 of the Orcish Mines
 17303 | Orc:1    | Found Woplalawn's Distillery.
 17334 | Orc:1    | Found a transporter.
 17441 | Orc:1    | Bought a potion of magic for 96 gold pieces
 17622 | Orc:1    | Reached ***** piety under Vehumet
 17626 | Orc:1    | Offered knowledge of Iskenderun's Mystic Blast by Vehumet.
 17839 | Orc:1    | Noticed a hell hog
 17939 | Orc:1    | Noticed Feriw's ghost (journeyman HOMo)
 17981 | Orc:1    | Noticed a hell hog
 17988 | Orc:1    | Found a transporter.
 18263 | Orc:2    | Entered Level 2 of the Orcish Mines
 18265 | Orc:2    | Noticed Azrael
 19131 | Orc:2    | Killed Azrael
 19376 | Orc:2    | Noticed a two-headed ogre
 19376 | Orc:2    | Noticed a two-headed ogre
 19377 | Orc:2    | Noticed a two-headed ogre
 19379 | Orc:2    | Noticed an ogre mage
 19379 | Orc:2    | Killed a two-headed ogre
 19381 | Orc:2    | Noticed an ogre mage
 19381 | Orc:2    | Killed a two-headed ogre
 19382 | Orc:2    | Gained mutation: You can use your snake-like lower body to
                  | constrict enemies. [Naga growth]
 19382 | Orc:2    | Reached XP level 13. HP: 121/121 MP: 27/27
 19424 | Orc:2    | HP: 4/123 [ogre/+0 giant club (22)]
 19972 | Orc:1    | Learned a level 6 spell: Statue Form
 20205 | Lair:1   | Entered Level 1 of the Lair of Beasts
 20250 | Lair:1   | Got the Anthology of the Missiles
 20267 | Lair:1   | Reached skill level 11 in Spellcasting
 20353 | Lair:1   | Found a frozen archway.
 20490 | IceCv    | Entered an ice cave
 20544 | IceCv    | Reached skill level 10 in Conjurations
 20927 | IceCv    | Gained mutation: You are weak. (Str -2) [mutagenic glow]
 21636 | IceCv    | Reached skill level 10 in Fighting
 22369 | IceCv    | Noticed a reaper
 22555 | IceCv    | Killed a reaper
 24194 | Lair:2   | Offered knowledge of Starburst by Vehumet.
 24346 | Lair:2   | Identified the +2 robe "Ymmi" {+Blink MP+9 Str-2}
 24537 | Lair:2   | Found a staircase to the Swamp.
 24547 | Lair:2   | Reached XP level 14. HP: 120/133 MP: 24/29
 25143 | Lair:2   | Found a staircase to the Snake Pit.
 25454 | Lair:2   | You fall into a shaft and drop 2 floors!
 25549 | Lair:4   | Found a staircase to the Slime Pits.
 25549 | Lair:4   | Found a viscous altar of Jiyva.
 25557 | Lair:4   | Noticed Urug
 27464 | Orc:2    | Noticed Snorg
 27471 | Orc:2    | Killed Snorg
 27472 | Orc:2    | Reached skill level 12 in Spellcasting
 27558 | Orc:2    | Found a staircase to the Elven Halls.
 27620 | Orc:2    | Found Ophecsaul's Weapon Shop.
 27620 | Orc:2    | Found Cuonle's Weapon Shoppe.
 27621 | Orc:2    | Found Esisit's Distillery.
 27621 | Orc:2    | Found Coisoika's General Store.
 27649 | Orc:2    | Bought a potion of heal wounds for 65 gold pieces
 27649 | Orc:2    | Bought a potion of lignification for 39 gold pieces
 27654 | Orc:2    | Bought a potion of curing for 42 gold pieces
 27654 | Orc:2    | Bought a scroll of poison for 56 gold pieces
 28416 | D:14     | Noticed a deep elf demonologist
 28705 | D:14     | Killed a deep elf demonologist
 28716 | D:14     | Offered knowledge of Lee's Rapid Deconstruction by Vehumet.
 29266 | D:14     | Reached skill level 10 in Dodging
 29382 | D:14     | Got the Incunable of the Creative Catacomb
 29564 | D:13     | Noticed Frances
 30386 | Lair:3   | Reached XP level 15. HP: 127/144 MP: 17/31
 30695 | Lair:3   | Found an iron altar of Okawaru.
 31808 | Lair:4   | Killed Urug
 32808 | Lair:5   | Entered Level 5 of the Lair of Beasts
 32930 | Lair:5   | Offered knowledge of Arcjolt by Vehumet.
 32931 | Lair:5   | Reached skill level 10 in Earth Magic
 34529 | Lair:5   | Got the Parchment of Embers
 34992 | Lair:5   | Reached skill level 13 in Spellcasting
 35151 | Lair:5   | Found the +3 pair of seven-league boots {Rampage+∞}
 35183 | Lair:5   | Offered knowledge of Iron Shot by Vehumet.
 35600 | D:5      | Bought the Codex of the Valley and the Serac for 902 gold
                  | pieces
 35600 | D:5      | Bought the Collected Works on United Coordinates for 1192
                  | gold pieces
 35607 | D:5      | Learned a level 6 spell: Iron Shot
 35986 | D:9      | Learned a level 5 spell: Borgnjor's Vile Clutch
 37207 | D:13     | Reached XP level 16. HP: 104/154 MP: 30/33
 37222 | D:13     | Found the +5 scythe "Finisher" {speed, eviscerate}
 37245 | D:13     | HP: 4/154 [Frances/+5 vampiric long sword (33)]
 37245 | D:13     | Demolished by Frances

Illustrated notes

Levels and vault maps discovered:
D:1:      sevenhm_arrival_forest_fort_large_2, layout_loops_ring,
          ebering_ecumenical_altar_hall, minmay_tiny_reverse_x
D:2:      layout_loops_ring, nicolae_half_adder
D:3:      layout_basic, vehumet_altar_wand_db, roderic_batcave,
          wander_ebering_terrifying_dragon_lair
D:4:      layout_rooms, pdpol_wu_jian_five_deadly_venoms, minivault_24,
          uniq_pargi
D:5:      minmay_clustersquares, layout_basic, gammafunk_ghost_hive,
          nicolae_shop_i_like_big_books, uniq_edmund, uniq_menkaure
D:6:      layout_loops_cross, minmay_temple_entry_offerings, serial_shops, shop,
          nicolae_shop_crystal, shop_fountains, shop_fountains, shop,
          uniq_blork_the_orc, uniq_crazy_yiuf_cottage, uniq_prince_ribbit1,
          uniq_duvessa
D:7:      layout_cave_pools, grunt_temple_overflow_open,
          mainiacjoe_overflow_paths
D:8:      layout_rooms, nicolae_overflow_hidden_temple
D:9:      layout_basic, tgw_fedhas, enter_bailey_4, minmay_protected_statue
D:10:     layout_cross
D:11:     layout_roguey, orc_0_dummy, uniq_erica, uniq_lodul
D:12:     layout_irregular_city, kennysheep_generic_room_9, uniq_nessos
D:13:     layout_roguey, erik_vaults_2, serial_ice, serial_ice_c, serial_ice_l,
          serial_ice_o, serial_ice_b, minmay_guarded_unrand_finisher,
          uniq_frances
D:14:     layout_loops_cross, minivault_23, minmay_misc_feat_iff,
          kennysheep_small_spiral
Lair:1:   layout_hall_layers, portal_ice_cave_entry_ice_simulacra
Lair:2:   layout_long_grid, minmay_swamp_entry_swarm,
          guppyfry_snake_entry_garden, serial_forest,
          infiniplex_forest_straight_5, infiniplex_forest_straight_4,
          infiniplex_forest_straight_3, infiniplex_forest_straight_4,
          infiniplex_forest_clump_medium
Lair:3:   layout_roguey, basic_altar, serial_bayou_shore_b, grunt_megastairs_1
Lair:4:   layout_cave_pods, minmay_slime_entry_pillars, serial_forest,
          infiniplex_forest_clump_double, infiniplex_forest_lined_ring,
          infiniplex_forest_lined_room_, infiniplex_forest_lined_room_2,
          infiniplex_forest_end_1, infiniplex_forest_straight_3,
          infiniplex_forest_lined_3, infiniplex_forest_clump_small,
          infiniplex_forest_lined_room_3, serial_bayou_shore_b, uniq_urug
Lair:5:   minmay_lair_end_enchanted_forest, layout_cave_pods,
          hellmonk_guarded_unrand_seven_league_boots
Orc:1:    layout_caves, serial_shops, shop, gammafunk_ghost_abyssal_escape,
          abandoned_shop
Orc:2:    st_orc_ogre_mass, layout_caves, guppyfry_library_mini, uniq_snorg,
          uniq_azrael

Skill      XL: |  1  2  3  4  5  6  7  8  9 10 11 12 13 14 15 |
---------------+----------------------------------------------+-----
Spellcasting   | 3 4 5 6 7 9 10 11 12 13 | 13.1
Fighting       | 1 2 3 5 7 8 9 10 11 12 | 12.6
Conjurations   | 1 2 3 5 7 8 9 10 11 12 | 12.7
Dodging        | 2 3 4 6 7 8 9 10 | 10.9
Earth Magic    | 4 5 6 7 9 10 | 10.6
Summonings     | 3 5 6 |  6.6
Stealth        | |  3.0
Transmutations | |  1.0

Action                     |  1- 3 |  4- 6 |  7- 9 | 10-12 | 13-15 | 16-18 || total
---------------------------+-------+-------+-------+-------+-------+-------++-------
  Melee: Unarmed           |     5 |     4 |    17 |       |       |       ||    26
         Eudemon blade     |       |       |     4 |    20 |    50 |     9 ||    83
         Punch             |       |       |       |     1 |       |       ||     1
         Constrict         |       |       |       |       |    10 |     2 ||    12
   Cast: Sandblast         |    62 |   158 |    55 |    39 |    10 |       ||   324
         Stone Arrow       |       |       |   116 |   272 |   671 |     4 ||  1063
         Iskenderun's Batt |       |       |       |    57 |   117 |       ||   174
         Apportation       |       |       |       |     1 |    17 |       ||    18
         Summon Mana Viper |       |       |       |     1 |     5 |       ||     6
         Iron Shot         |       |       |       |       |     9 |     4 ||    13
         Passwall          |       |       |       |       |       |     1 ||     1
Ability: Spit Poison       |       |     4 |     5 |       |       |       ||     9
  Evoke: Wand              |       |       |     1 |    18 |       |       ||    19
         Lightning rod     |       |       |       |       |     1 |       ||     1
    Use: Potion            |       |     6 |     3 |     2 |     1 |     1 ||    13
         Scroll            |       |       |    14 |    10 |    16 |     4 ||    44
   Stab: Invisible         |       |       |       |     1 |       |       ||     1
         Petrified         |       |       |       |       |     3 |       ||     3
         Petrifying        |       |       |       |       |     1 |       ||     1
 Armour: Robe              |     5 |    42 |    23 |    63 |   115 |     7 ||   255
         Skin              |       |       |    13 |       |       |       ||    13
  Dodge: Dodged            |    21 |    52 |    49 |   178 |   338 |    23 ||   661

Table legend: (Time is in decaauts)
 A = Elapsed time spent in this place.
 B = Non-inter-level travel time spent in this place.
 C = Inter-level travel time spent in this place.
 D = Time resting spent in this place.
 E = Time spent auto-exploring this place.
 F = Levels seen in this place.
 G = Mean time per level.
                   A        B        C        D        E       F      G
               +--------+--------+--------+--------+--------+-----+--------+
         Total |  43999 |  41060 |   2939 |   6997 |  29347 |  23 | 1913.0 |
       Dungeon |  24873 |  22622 |   2251 |   2073 |  18087 |  14 | 1776.6 |
          Lair |  10854 |  10371 |    483 |   1436 |   7902 |   5 | 2170.8 |
  Orcish Mines |   4315 |   4110 |    205 |   1151 |   2468 |   2 | 2157.5 |
        Bailey |   1198 |   1198 |      0 |    296 |    593 |   1 | 1198.0 |
      Ice Cave |   2757 |   2757 |      0 |   2038 |    295 |   1 | 2757.0 |
               +--------+--------+--------+--------+--------+-----+--------+

Top non-repeatable levels by time:
     D:3: 2979 daAuts
     D:9: 2889 daAuts
   IceCv: 2757 daAuts
  Lair:5: 2748 daAuts
   Orc:1: 2653 daAuts
     D:5: 2500 daAuts
  Lair:2: 2466 daAuts
  Lair:3: 2246 daAuts
  Lair:4: 1986 daAuts
     D:6: 1927 daAuts
    D:13: 1878 daAuts
    D:14: 1827 daAuts
    D:11: 1727 daAuts
   Orc:2: 1661 daAuts
    D:12: 1560 daAuts
